 Dungeon Crawl Stone Soup version 0.27-a0-909-g0721f309d1 (webtiles) character file.

Game seed: 5466814597897145743

53 robertstho the Chiller (level 3, -3/26 HPs)
             Began as a Demigod Ice Elementalist on Apr 8, 2021.
             Slain by Sigmund
             ... wielding a +0 scythe
              (15 damage)
             ... on level 2 of the Dungeon.
             The game lasted 00:03:03 (2030 turns).

robertstho the Chiller (Demigod Ice Elementalist)   Turns: 2030, Time: 00:03:04

Health: -3/26      AC:  2    Str:  9    XL:     3   Next: 41%
Magic:  6/9        EV: 12    Int: 21    God:
Gold:   33         SH:  0    Dex: 14    Spells: 2/6 levels left

rFire    . . .     SeeInvis .   d - +0 dagger
rCold    . . .     Faith    .   (no shield)
rNeg     . . .     Spirit   .   a - +0 robe
rPois    .         Reflect  .   (no helmet)
rElec    .         Harm     .   (no cloak)
rCorr    .         Rampage  .   (no gloves)
Will     +....                  (no boots)
Stlth    ++........             (no amulet)
HPRegen  0.08/turn              b - ring of willpower
MPRegen  0.11/turn              (no ring)

@: freezing walls
A: high mp 1, forlorn
a: no special abilities


You were on level 2 of the Dungeon.
You visited 1 branch of the dungeon, and saw 2 of its levels.

You collected 57 gold pieces.
You spent 24 gold pieces at shops.

Inventory:

Hand Weapons
 c - a +0 whip
 d - a +0 dagger (weapon)
Armour
 a - a +0 robe (worn)
Jewellery
 b - a ring of willpower (left hand)
Scrolls
 e - a scroll of blinking {unknown}
 g - a scroll of magic mapping {unknown}
Potions
 h - 2 potions of attraction
 i - a potion of heal wounds {unknown}
 j - a potion of brilliance {unknown}


   Skills:
 + Level 2.0 Dodging
 + Level 2.0 Stealth
 * Level 2.3 Spellcasting
 * Level 4.3 Ice Magic


You had 2 spell levels left.
You knew the following spells:

 Your Spells              Type           Power      Damage    Failure   Level
a - Freeze                Ice            80%        1d9       2%          1
b - Frozen Ramparts       Ice            40%        1d6       7%          3

Your spell library contained the following spells:

 Spells                   Type           Power      Damage    Failure   Level
 Ozocubu's Armour         Ice            20%        N/A       7%          3
 Hailstorm                Conj/Ice       11%        3d5       50%         4
 Summon Ice Beast         Ice/Summ       11%        N/A       50%         4


Dungeon Overview and Level Annotations

Branches:
Dungeon (2/15)

Shops:
D:1 ?

Annotations:
D:2 Sigmund


Innate Abilities, Weirdness & Mutations

Your attributes grow dramatically as you level up.
You have an increased reservoir of magic. (+10% MP)
You shall have no god before yourself.


Message History

You freeze the worm.
You kill the worm!
Unknown command.
You now have 33 gold pieces (gained 17).
Things that are here:
a +0 club; a goblin corpse
Found 18 stones.
j - an amethyst potion You see here 18 stones.
k - a scroll of identify Sigmund the Dreaded comes into view.
He is wielding a +0 scythe and wearing a +1 robe of cold resistance.
Found 29 stones.
Sigmund is nearby!
You see here 18 stones.
This spell is quite dangerous to cast!
Memorise Frozen Ramparts, consuming 3 spell levels and leaving 2?
You start memorising the spell.
You continue memorising. x3
You finish memorising.
Spell assigned to 'b'.
You can't memorise that many levels of magic yet!
Unknown command.
Sigmund gestures at himself while chanting.
Sigmund flickers and vanishes!
Deactivating autopickup; reactivate with Ctrl-A.
Casting: Freeze (safe; 2% risk of failure)
Confirm with . or Enter, or press ? or * to list all spells.
The spell is quite dangerous to cast (7% risk of failure)!
Continue anyway?
Casting: Frozen Ramparts (quite dangerous; 7% risk of failure)
Press: ? - help, Dir - look around, f - activate The walls around you are covered in ice.
The wall freezes something. x2; Something hits you!
Ouch! That really hurt!
Okay, then.
As you read the scroll of identify, it crumbles to dust.
h - 2 potions of attraction The wall freezes something.
Something hits you.
* * * LOW HITPOINT WARNING * * *
It was a potion of curing.
You feel better.
The wall freezes something.
Something hits you!
Ouch! That really hurt!
You die...

........ #.#.##..
#.#.##.. #.#.##.#
#.#.##.# #.#.##.# #. ##
######.#.##.######(# #.#
##. #.............@.{..#
#.# ##..
#.######.(.....#####
#.###... #.# ####.##.#
##.##.... #.#
#.##.########...#.... #.#
#.................#.. #.#
###########.#...####. #.#
##..†#†## ## #.#
#############...)..######
#.#
#........................


There were no monsters in sight!

Vanquished Creatures
  An adder (D:2)
  A worm (D:2)
  2 dart slugs
  A ball python (D:1)
  3 bats (D:1)
  2 giant cockroaches (D:1)
  4 hobgoblins (D:1)
  4 jackals (D:1)
  3 kobolds
  A frilled lizard (D:1)
  9 goblins
  A rat (D:1)
32 creatures vanquished.

Notes
Turn   | Place    | Note
-------+----------+-------------------------------------------
     0 | D:1      | robertstho the Demigod Ice Elementalist began the quest for
                  | the Orb.
     0 | D:1      | Reached XP level 1. HP: 14/14 MP: 5/5
   368 | D:1      | Reached skill level 4 in Ice Magic
   368 | D:1      | Reached XP level 2. HP: 18/20 MP: 2/7
   620 | D:1      | Found Xaptaj's Magic Scroll Boutique.
   636 | D:1      | Bought a scroll of identify for 24 gold pieces
  1415 | D:1      | Reached XP level 3. HP: 26/26 MP: 6/8
  2016 | D:2      | Noticed Sigmund
  2023 | D:2      | Learned a level 3 spell: Frozen Ramparts
  2030 | D:2      | Slain by Sigmund

Illustrated notes

Levels and vault maps discovered:
D:1:      dpeg_cavernosity, layout_basic, basic_ecumenical_altar, serial_shops,
          shop_scrolls, minmay_tromino_v2
D:2:      layout_loops_ring, kennysheep_generic_room_9, uniq_sigmund

Skill      XL: |  1  2 |
---------------+-------+-----
Dodging        | 2 |  2.0
Ice Magic      | 4 |  4.3
Spellcasting   | 2 |  2.3
Stealth        | 2 |  2.0

Action                   || total
-------------------------++-------
Melee: Whip              ||     9
       Unarmed           ||     3
       Dagger            ||    38
 Cast: Freeze            ||    44
       Frozen Ramparts   ||     1
  Use: Scroll            ||     2
       Potion            ||     1
 Stab: Sleeping          ||     1
Armor: Robe              ||    23
Dodge: Dodged            ||    50

Table legend: (Time is in decaauts)
 A = Elapsed time spent in this place.
 B = Non-inter-level travel time spent in this place.
 C = Inter-level travel time spent in this place.
 D = Time resting spent in this place.
 E = Time spent auto-exploring this place.
 F = Levels seen in this place.
 G = Mean time per level.
                   A        B        C        D        E       F      G
               +--------+--------+--------+--------+--------+-----+--------+
         Total |   2029 |   2011 |     18 |      0 |   1781 |   2 | 1014.5 |
       Dungeon |   2029 |   2011 |     18 |      0 |   1781 |   2 | 1014.5 |
               +--------+--------+--------+--------+--------+-----+--------+

Top non-repeatable levels by time:
     D:1: 1714 daAuts
     D:2: 314 daAuts
